Unix NetHack Version 5.0.0-0 post-release - last build May 10 2026 23:12:36 (d1fa5d53e341ca933230fdaa984d921c805b60aa,branch:main).

Game began 2026-05-13 16:42:52, ended 2026-05-13 16:50:14.

ArrBianca, lawful female dwarven Archeologist

                                   G
                      .--
                      .<..----...........|
                      .G.................-
                      ....................
                                       ...
                                       .a--
                                   G G ..@.
                                        ...

                                        G

ArrBianca the Field Worker  St:12 Dx:11 Co:13 In:15 Wi:16 Ch:8  Lawful
Dlvl:6  $:49 HP:0(28) Pw:14(14) AC:9  Xp:3 T:1101 

Latest messages:
 You hear crashing rock.
 With great effort you move the boulder.
 You try to move the boulder, but in vain.
 You try to move the boulder, but in vain.
 You see here a worthless piece of red glass.
 You swap places with the peaceful gnome.
 You kill the grid bug!
 You kill the grid bug!
 You see here a key.
 A - a key.
 You see here a green gem.
 B - a green gem.
 What do you want to use or apply? [ae-hjvzA or ?*] g
 What do you want to rub on the stone? [$B or ?*] B
 B - a turquoise stone.
 You see here a worthless piece of red glass.
 You see here 9 rocks.
 You swap places with the peaceful hobbit.
 You descend the stairs.
 You see here a yellow gem.
 C - a yellow gem.
 What do you want to use or apply? [ae-hjvzA or ?*] g
 What do you want to rub on the stone? [$C or ?*] C
 C - a citrine stone.
 D - a cyan potion.
 The air crackles around the gnomish wizard.
 You miss the giant ant.
 The giant ant bites!
 The giant ant bites!
 You lash the giant ant.
 The giant ant bites!
 You miss the giant ant.
 The gnomish wizard casts a spell!
 The gnomish wizard is suddenly moving faster.
 The giant ant bites!
 You lash the giant ant!
 The giant ant bites!
 The giant ant bites!
 You miss the giant ant.
 The giant ant bites!
 The giant ant bites!
 You miss the giant ant.
 The giant ant bites!
 The giant ant bites!
 You miss the giant ant.
 The giant ant bites!
 The giant ant bites!
 The giant ant bites!
 You die...
 Do you want an account of creatures vanquished? [ynaq] (y) q

Inventory:
 Coins    ('$')
  $ - 49 gold pieces
 Amulets  ('"')
  p - a cursed amulet of change
 Weapons  (')')
  i - a +0 knife (alternate weapon; not wielded)
  q - a +0 orcish dagger (at the ready)
  a - a +3 bullwhip (weapon in right hand)
 Armor    ('[')
  c - an uncursed +0 fedora (being worn)
  b - an uncursed +0 leather jacket (being worn)
 Comestibles  ('%')
  n - an uncursed head of romanesco
  d - 4 uncursed food rations
  k - 2 uncursed tripe rations
  w - an uncursed homemade tin of giant rat meat
  t - an uncursed homemade tin of newt meat
  l - 2 uncursed lichen corpses
 Scrolls  ('?')
  m - 2 blessed scrolls of light
 Spellbooks  ('+')
  z - an uncursed spellbook of remove curse
 Potions  ('!')
  D - a cursed potion of healing
 Tools    ('(')
  h - an empty uncursed sack
  e - a +0 pick-axe
  A - an uncursed skeleton key
  j - an uncursed tin whistle
  f - a tinning kit (0:52)
  v - an uncursed towel
 Gems/Stones  ('*')
  C - an uncursed citrine stone
  B - an uncursed turquoise stone
  g - an uncursed touchstone

ArrBianca the Archeologist's attributes:

Background:
 You were a Field Worker, a level 3 female dwarven Archeologist.
 You were lawful, nominally on a mission for Quetzalcoatl
 who was opposed by Camaxtli (neutral) and Huhetotl (chaotic).
 You were right-handed.
 You were in the Gnomish Mines, on level 6.
 You entered the dungeon 1101 turns ago.
 You had 52 experience points, 28 more were needed to attain level 4.

Basics:
 You had 0 out of 28 hit points.
 You had all 14 energy points (spell power).
 Your armor class was 9.
 Your wallet contained 49 zorkmids.
 Autopickup was on for '$?!/="+%' plus thrown, with exceptions.

Final Characteristics:
 Your strength was 12 (limit:18/100).
 Your dexterity was 11 (limit:20).
 Your constitution was 13 (limit:20).
 Your intelligence was 15 (limit:16).
 Your wisdom was 16 (limit:16).
 Your charisma was 8 (limit:16).

Final Status:
 You weren't hungry.
 You were unencumbered.
 You were wielding a whip.
 You had basic skill with whip.

Final Attributes:
 You were devoutly aligned.
 You had automatic searching.
 You had infravision.
 You were lucky.
 You are dead.

Miscellaneous:
 You didn't encounter any bones levels.
 Total elapsed playing time was 7 minutes and 22 seconds.

Major events:
 Turn
    1: ArrBianca the lawful female dwarven Archeologist entered the dungeon
  724: entered the Gnomish Mines
  770: attained the rank of Field Worker (level 3)
 1101: killed by a giant ant

Spells:
 Name                 Level Category     Fail Retention
 remove curse           3   clerical     100%  76%-100%

Skills:
 Fighting Skills
   bare handed combat [Unskilled]
   two weapon combat  [Unskilled]
   riding             [Unskilled]
 Weapon Skills
   dagger             [Unskilled]
   knife              [Unskilled]
   pick-axe           [Basic]
   short sword        [Unskilled]
   saber              [Unskilled]
   club               [Unskilled]
   quarterstaff       [Unskilled]
   sling              [Unskilled]
   dart               [Unskilled]
   boomerang          [Unskilled]
   whip               [Basic]
   unicorn horn       [Unskilled]
 Spellcasting Skills
   attack spells      [Unskilled]
   healing spells     [Unskilled]
   divination spells  [Unskilled]
   matter spells      [Unskilled]

Voluntary challenges:
 Character rerolling was not enabled.
 You followed a strict vegan diet.
 You were an atheist.
 You never had a pet.
 You never genocided any monsters.
 You never polymorphed an object.
 You never changed form.
 You used no wishes.
Achievements:
 You entered the Gnomish Mines.
 You attained the rank of Field Worker.

 The Dungeons of Doom: levels 1 to 3
    Level 1:
    Level 2:
       A fountain, many trees.
    Level 3:
       Stairs down to The Gnomish Mines.
 The Gnomish Mines: levels 4 to 6
    Level 4:
    Level 5:
    Level 6: <- You were here.
       Final resting place for
          you, killed by a giant ant.


Vanquished creatures:
  a bugbear
  a giant rat
  2 goblins
  5 grid bugs
  4 lichens
  a kobold zombie
  a newt
15 creatures vanquished.

No species were genocided or became extinct.

Game over:
                       ----------
                      /          \
                     /    REST    \
                    /      IN      \
                   /     PEACE      \
                  /                  \
                  |    ArrBianca     |
                  |      49 Au       |
                  |   killed by a    |
                  |    giant ant     |
                  |                  |
                  |                  |
                  |       2026       |
                 *|     *  *  *      | *
        _________)/\\_//(\/(/\)/\//\/|_)_______

Goodbye ArrBianca the Archeologist...

You died in The Gnomish Mines on dungeon level 6 with 513 points,
and 49 pieces of gold, after 1101 moves.
You were level 3 with a maximum of 28 hit points when you died.

